 Dungeon Crawl Stone Soup version 0.24.0-13-gcf9b319 (webtiles) character file.

Game seed: 13227863753553329756, levelgen mode: deterministic

171913 BishopWUN the Warrior (level 17, -5/160 HPs)
             Began as a Minotaur Berserker on May 22, 2020.
             Was the Champion of Trog.
             Slain by a jumping spider (10 damage)
             ... on level 1 of the Spider Nest.
             The game lasted 01:49:06 (29950 turns).

BishopWUN the Warrior (Minotaur Berserker)         Turns: 29950, Time: 01:49:06

Health: -5/160     AC: 25    Str: 28    XL:     17   Next: 15%
Magic:  0/16       EV: 12    Int:  4    God:    Trog [******]
Gold:   1706       SH:  0    Dex: 14    Spells: 16/16 levels left

rFire    + . .     SeeInvis +   j - +6 eveningstar (drain)
rCold    . . .     Gourm    .   U - +2 shield
rNeg     + . .     Faith    .   D - +0 plate armour {rF+}
rPois    +         Spirit   +   M - +2 hat
rElec    +         Reflect  .   b - scarf {cloud immunity}
rCorr    .         Harm     .   K - +2 pair of gloves
MR       +....                  k - +1 pair of boots of Distant Worlds {rElec rPois rC- rN+}
Stlth    ..........             V - amulet of guardian spirit
HPRegen  0.36/turn              m - ring of Anarchy {+Blink rC+}
MPRegen  0.15/turn              o - ring of Midnight {rPois Dex+3 SInv}

@: confused, lethally poisoned (-5 -> -13), marked
A: retaliatory headbutt, horns 2
}: 1/15 runes: decaying
a: Berserk, Trog's Hand, Brothers in Arms, Renounce Religion, Evoke Blink


You were on level 1 of the Spider Nest.
You worshipped Trog.
Trog was exalted by your worship.
You were hungry.

You visited 6 branches of the dungeon, and saw 29 of its levels.

You collected 3058 gold pieces.
You spent 1352 gold pieces at shops.

Inventory:

Hand Weapons
 j - a +6 eveningstar of draining (weapon)
 N - a +3 fustibalus of freezing
Missiles
 n - 725 stones (quivered)
 Q - 232 sling bullets
Armour
 b - a scarf of cloud immunity (worn)
 k - the +1 pair of boots of Distant Worlds (worn) {rElec rPois rC- rN+}
   (You acquired it on level 2 of the Swamp)

   It makes you vulnerable to cold.
   It insulates you from electricity.
   It protects you from poison.
   It protects you from negative energy.
 s - a +2 cloak
 D - a +0 plate armour of fire resistance (worn)
 K - a +2 pair of gloves (worn)
 M - a +2 hat (worn)
 U - a +2 shield (worn)
Jewellery
 g - an uncursed ring of fire
 m - the ring of Anarchy (left hand) {+Blink rC+}
   (You bought it in a shop on level 2 of the Orcish Mines)

   [ring of protection from cold]

   It protects you from cold.
   It lets you blink.
 o - the ring of Midnight (right hand) {rPois Dex+3 SInv}
   (You bought it in a shop on level 2 of the Orcish Mines)

   [ring of see invisible]

   It affects your dexterity (+3).
   It protects you from poison.
   It lets you see invisible.
 t - an uncursed ring of magical power
 E - an uncursed ring of positive energy
 I - a +2 ring of evasion
 L - a +4 ring of strength
 P - an uncursed ring of resist corrosion
 S - an uncursed ring of see invisible
 V - an amulet of guardian spirit (around neck)
 Z - a +2 ring of protection
Wands
 a - a wand of random effects (12)
 d - a wand of enslavement (8)
 f - a wand of paralysis (16)
 y - a wand of acid (5)
 J - a wand of polymorph (5)
 T - a wand of digging (4)
 Y - a wand of scattershot (10)
Scrolls
 e - 17 scrolls of remove curse
 i - 5 scrolls of identify
 p - 2 scrolls of fear
 v - 10 scrolls of teleportation
 w - 4 scrolls of fog
 A - a scroll of summoning
 C - a scroll of magic mapping
Potions
 h - 3 potions of heal wounds
 l - 9 potions of curing
 q - 2 potions of flight
 r - 2 potions of agility
 u - 2 potions of haste
 B - 3 potions of resistance
 G - 2 potions of brilliance
 H - 3 potions of ambrosia
 O - 3 potions of cancellation
 R - 3 potions of might
Comestibles
 c - 46 rations


   Skills:
 + Level 16.6 Fighting
 - Level 16.0 Maces & Flails
 + Level 13.1 Slings
 + Level 16.4 Armour
 - Level 7.0 Dodging
 - Level 15.0 Shields


You had 16 spell levels left.
You didn't know any spells.
Your spell library was empty.

Dungeon Overview and Level Annotations

Branches:
Dungeon (14/15)            Temple (1/1) D:4            Lair (6/6) D:10
  Swamp (4/4) Lair:2       Spider (2/4) Lair:3        Slime (0/5) Lair:5
    Orc (2/2) D:11            Elf (0/3) Orc:2        Vaults (0/5) D:14

Altars:
Cheibriados
Dithmenos
Elyvilon
Fedhas
Hepliaklqana
Kikubaaqudgha
Okawaru
Qazlal
Ru
Sif Muna
Uskayaw
Xom
Zin
The Shining One
Beogh
Jiyva

Shops:
D:6 (*(   D:9 %   Orc:2 =(*

Annotations:
D:4 2 runed translucent doors, SilverX5502's ghost, novice GrEE
D:12 1 runed translucent door, Mussaaco's ghost, journeyman GrFi
Lair:2 exclusion: oklob plant
Lair:3 exclusion: oklob plant
Lair:6 exclusion: oklob plant
Swamp:4 Mara


Innate Abilities, Weirdness & Mutations

You reflexively headbutt those who attack you in melee.
You have a pair of horns on your head.


Message History

* * * LOW HITPOINT WARNING * * *
You feel very sick.
There is a stone staircase leading down here.
You feel much better.
You feel sick. The redback barely misses you.
The tarantella bites you but does no damage.
The demonic crawler hits you.
* * * LOW HITPOINT WARNING * * *
The demonic crawler hits you.
* * * LOW HITPOINT WARNING * * *
The demonic crawler hits you.
* * * LOW HITPOINT WARNING * * *
The jumping spider closely misses you.
The jumping spider bites you but does no damage.
The wolf spider misses you. The wolf spider barely misses you.
The demonic crawler closely misses you. The demonic crawler barely misses you.
The demonic crawler hits you.
* * * LOW HITPOINT WARNING * * *
The redback barely misses you. The tarantella closely misses you.
The jumping spider pounces on you!
You die...

######....# #.......####....#
..######..# #.....####......#
....####.## ######.#........#
......##.# #### #.#........#
.........# ##..###..........#
.........###.....#..........#
....^.....#.................#
.......###.......s...#......#
.....### #.....s@s...#.....##
....## ##.....sss........##
##..# #.##...........####
##.## ######........### #..#
##.#####........#
#.#####...#.##).......#
.^###..##...###......########
.......###..####...#.#......#
####...####..###..##.^.....>##


You could see 2 demonic crawlers, a wolf spider, a jumping spider, a tarantella
and a redback.

Vanquished Creatures
  Rupert (D:13)
  Agnes (Spider:1)
  Donald (Spider:1)
  The ghost of DrIncompetent the Brawler, a journeyman TrBe of Trog (Swamp:3)
  A ghost moth (Spider:1)
  An orc warlord (Orc:2)
  A stone giant (Orc:1)
  An entropy weaver (Spider:1)
  4 fire dragons
  A catoblepas (D:13)
  2 ghost crabs (Swamp:2)
  A shambling mangrove (Swamp:3)
  18 hydras
  9 alligators
  5 centaur warriors
  2 two-headed ogres (D:8)
  A death yak (D:10)
  The ghost of DukeAK74 the Thaumaturge, a novice DsNe of Yredelemnul (Lair:1)
  Urug (D:14)
  An orc high priest (Orc:2)
  2 fire crabs (Swamp:4)
  A fire crab (shapeshifter) (D:13)
  The ghost of BishopWUN the Firebug, a novice DrFE (D:8)
  2 spriggan druids (Swamp:3)
  2 unseen horrors (D:10)
  6 swamp dragons
  3 orc knights (Orc:2)
  2 lindwurms
  2 wolf spider zombies
  4 wolf spiders
  A necromancer (Lair:5)
  3 orc sorcerers (Orc:2)
  8 ugly things
  A cyclops (D:12)
  5 orb spiders (Spider:1)
  3 elephants (Lair:4)
  A guardian serpent (Lair:6)
  8 black mambas
  4 torpor snails (Lair:6)
  19 spiny frogs
  2 gargoyles
  2 centaur skeletons
  5 komodo dragons
  A freezing wraith (D:11)
  2 rime drakes (Lair:5)
  A tengu conjurer (D:10)
  3 demonic crawlers (Spider:1)
  2 trolls
  8 jumping spiders (Spider:1)
  13 slime creatures
  12 tyrant leeches
  12 hornets
  A raiju (shapeshifter) (D:11)
  7 polar bears
  9 hippogriffs
  11 bog bodies
  19 blink frogs
  6 dream sheep
  5 spriggans
  Sigmund (D:5)
  17 redbacks
  4 shadows
  A wraith (D:11)
  3 tarantellas (Spider:1)
  10 wyverns
  16 humans (D:13)
  45 yaks
  7 vampire mosquitoes
  2 hungry ghosts (D:13)
  4 steam dragons (Swamp:4)
  A basilisk (Lair:1)
  20 swamp worms
  10 insubstantial wisps
  An acid dragon (D:11)
  15 water moccasins
  13 porcupines
  2 ice beasts
  6 sky beasts
  9 swamp drakes
  27 orc warriors
  2 hornet zombies
  5 ogres
  2 elephant zombies (Lair:5)
  3 wolves (Lair:2)
  13 centaurs
  15 crocodiles
  A big kobold (D:8)
  Blork the orc (D:5)
  A komodo dragon zombie (Lair:5)
  17 bullfrogs
  A gnoll sergeant (D:10)
  3 scorpions
  8 killer bees
  3 howler monkeys (D:7)
  6 electric eels
  2 bullfrog zombies
  3 centaur zombies
  A lava snake (Swamp:4)
  7 crimson imps
  4 hounds
  18 orc priests
  27 orc wizards
  5 iguanas
  4 hell rats (Lair:4)
  4 worker ants
  2 crocodile zombies (Lair:5)
  A hound zombie (D:7)
  A worker ant zombie (D:6)
  13 adders
  15 gnolls
  6 river rats (Lair:4)
  2 shadow imps (D:8)
  An ooze (D:2)
  2 adder zombies
  2 adder skeletons
  A worm (D:5)
  2 dart slugs
  5 leopard geckos
  65 orcs
  3 ball pythons
  2 bat zombies (D:3)
  9 giant cockroaches
  4 goblins
  10 hobgoblins
  22 jackals
  8 kobolds
  8 quokkas
  5 bats
  8 frilled lizards
  A giant cockroach zombie (D:5)
  A jackal skeleton (D:4)
  14 rats
  3 rat zombies (D:3)
  A fungus (Lair:6)
  A plant (Lair:6)
841 creatures vanquished.

Vanquished Creatures (collateral kills)
  2 death yaks (D:10)
  A torpor snail (Lair:6)
  A tyrant leech (Lair:6)
  3 hornets (Lair:6)
  A spriggan (D:8)
  A black bear (D:8)
  A bullfrog (D:10)
  A river rat (D:10)
11 creatures vanquished.

Vanquished Creatures (others)
  A tyrant leech (Swamp:3)
  A centaur simulacrum (D:14)
  2 steam dragons (Swamp:4)
  An insubstantial wisp (Swamp:2)
  A swamp drake (Swamp:4)
  An orc (D:11)
  A quokka (D:8)
  A bat (D:1)
  2 bushes (Lair:6)
  13 fungi (Lair:6)
  27 plants
  13 toadstools (Lair:3)
64 creatures vanquished.

Grand Total: 916 creatures vanquished

Notes
Turn   | Place    | Note
-------+----------+-------------------------------------------
     0 | D:1      | BishopWUN the Minotaur Berserker began the quest for the
                  | Orb.
     0 | D:1      | Reached XP level 1. HP: 19/19 MP: 0/0
    95 | D:1      | Reached XP level 2. HP: 19/27 MP: 1/1
   286 | D:1      | Reached XP level 3. HP: 27/33 MP: 2/2
   310 | D:1      | Reached ** piety under Trog
   830 | D:2      | Reached XP level 4. HP: 27/40 MP: 3/3
   884 | D:2      | Found a sacrificial altar of Ru.
  1237 | D:3      | Found a hide-covered altar of Uskayaw.
  1402 | D:3      | Reached XP level 5. HP: 31/47 MP: 4/4
  1457 | D:3      | Reached *** piety under Trog
  1555 | D:3      | Found an ancient bone altar of Kikubaaqudgha.
  1808 | D:3      | Reached skill level 5 in Maces & Flails
  1858 | D:4      | Reached skill level 5 in Fighting
  1908 | D:4      | Found a stormy altar of Qazlal.
  2216 | D:4      | Found a large runed translucent door.
  2216 | D:4      | Found a large runed translucent door.
  2216 | D:4      | Noticed SilverX5502's ghost (novice GrEE)
  2301 | D:4      | Found a snail-covered altar of Cheibriados.
  2342 | D:4      | Found a staircase to the Ecumenical Temple.
  2348 | Temple   | Entered the Ecumenical Temple
  2469 | D:5      | Entered Level 5 of the Dungeon
  2479 | D:5      | Found a glowing silver altar of Zin.
  2518 | D:5      | Noticed Blork the orc
  2535 | D:5      | Killed Blork the orc
  2535 | D:5      | Reached XP level 6. HP: 47/56 MP: 5/5
  3025 | D:5      | Noticed Sigmund
  3033 | D:5      | Killed Sigmund
  3033 | D:5      | Reached skill level 5 in Armour
  3033 | D:5      | Reached XP level 7. HP: 62/62 MP: 6/6
  3107 | D:5      | Found a glowing golden altar of the Shining One.
  3230 | D:5      | Found a glowing silver altar of Zin.
  3296 | D:6      | Reached skill level 5 in Dodging
  3457 | D:6      | Found a shadowy altar of Dithmenos.
  3460 | D:6      | Noticed a gargoyle
  3514 | D:6      | Killed a gargoyle
  3514 | D:6      | Reached XP level 8. HP: 71/71 MP: 7/7
  3605 | D:6      | Reached **** piety under Trog
  3649 | D:6      | Found Mieppell's Weapon Shop.
  3796 | D:6      | Found Fiekhinn's Assorted Antiques.
  4254 | D:6      | Found Culioddo's Antique Weapon Boutique.
  4583 | D:7      | Reached XP level 9. HP: 81/81 MP: 8/8
  4777 | D:7      | Reached ***** piety under Trog
  4786 | D:7      | Reached skill level 1 in Shields
  4812 | D:7      | Found a hazy altar of Hepliaklqana.
  5571 | D:8      | Noticed a two-headed ogre
  5581 | D:8      | Killed a two-headed ogre
  5581 | D:8      | Reached skill level 5 in Shields
  5695 | D:8      | Reached XP level 10. HP: 65/91 MP: 9/9
  5876 | D:8      | Found an iron altar of Okawaru.
  5941 | D:8      | Found a runed translucent door.
  5942 | D:8      | Identified the +2 trident "Xuherch" {venom, rN+ Dex-2 SInv}
  5946 | D:8      | Found a white marble altar of Elyvilon.
  6004 | D:8      | Noticed BishopWUN's ghost (novice DrFE)
  6164 | D:8      | Noticed a two-headed ogre
  6175 | D:8      | Killed a two-headed ogre
  6631 | D:9      | Found a shimmering blue altar of Sif Muna.
  6700 | D:9      | Found Roelur's Food Emporium.
  6925 | D:9      | You fall into a shaft and drop 3 floors!
  7013 | D:10     | Entered Level 10 of the Dungeon
  7024 | D:10     | Received a gift from Trog
  7027 | D:10     | Noticed a centaur warrior
  7039 | D:10     | Killed a centaur warrior
  7039 | D:10     | Reached skill level 10 in Maces & Flails
  7060 | D:10     | Reached skill level 10 in Fighting
  7099 | D:10     | Found a staircase to the Lair.
  7110 | D:10     | Noticed a death yak
  7110 | D:10     | Noticed a death yak
  7127 | D:11     | Reached skill level 1 in Slings
  7379 | D:10     | Noticed a death yak
  7389 | D:10     | Killed a death yak
  7391 | D:10     | Killed a death yak
  7391 | D:10     | Reached XP level 11. HP: 100/100 MP: 10/10
  7393 | D:10     | Killed a death yak
  7393 | D:10     | Reached skill level 10 in Armour
  7537 | D:10     | Found the +7 captain's cutlass {speed, disarm}
  7572 | D:10     | Killed an unseen horror
  8416 | D:10     | Killed an unseen horror
  8768 | D:10     | Paralysed by a hornet for 3 turns
 10130 | D:11     | Received a gift from Trog
 10302 | D:11     | Found a staircase to the Orcish Mines.
 10375 | D:12     | Noticed a purple ugly thing
 10388 | D:12     | Killed a purple ugly thing
 10661 | D:8      | Killed BishopWUN's ghost
 11534 | D:12     | Reached skill level 10 in Shields
 11570 | D:12     | Got a scorched great sword
 11571 | D:12     | Identified the +4 great sword "Assana Ucoa" {holy, Stlth+}
                  | (You found it on level 12 of the Dungeon)
 11784 | D:12     | Found a runed translucent door.
 11785 | D:12     | Found a shimmering altar of Xom.
 11785 | D:12     | Noticed Mussaaco's ghost (journeyman GrFi)
 11785 | D:12     | Noticed a +1 quarterstaff of chaos
 11802 | D:12     | Reached skill level 5 in Slings
 12056 | D:12     | Reached XP level 12. HP: 104/110 MP: 11/11
 12559 | D:13     | Noticed a catoblepas
 12614 | D:13     | Killed a catoblepas
 12863 | D:13     | Noticed a centaur warrior
 12873 | D:13     | Killed a centaur warrior
 13727 | D:13     | Noticed a centaur warrior
 13734 | D:13     | Killed a centaur warrior
 13922 | D:13     | Received a gift from Trog
 14248 | D:14     | Found a gate to the Vaults.
 14248 | D:14     | Noticed Urug
 14248 | D:14     | Noticed a centaur warrior
 14248 | D:14     | Noticed Rupert
 14337 | D:13     | Paralysed by Rupert for 5 turns
 14352 | D:13     | Killed Rupert
 14760 | D:14     | Killed Urug
 14760 | D:14     | Reached XP level 13. HP: 119/119 MP: 12/12
 14893 | D:14     | Found a glowing silver altar of Zin.
 15225 | D:14     | Received a gift from Trog
 15662 | Lair:1   | Entered Level 1 of the Lair of Beasts
 15788 | Lair:1   | Paralysed by fainting for 7 turns
 15957 | Lair:1   | Found a large runed translucent door.
 15957 | Lair:1   | Found a large runed translucent door.
 15962 | Lair:1   | Noticed DukeAK74's ghost (novice DsNe)
 15984 | Lair:1   | Killed DukeAK74's ghost
 17088 | Lair:2   | Found a staircase to the Swamp.
 17798 | Lair:3   | Found a hole to the Spider Nest.
 17884 | Lair:3   | Found a blossoming altar of Fedhas.
 18414 | Lair:4   | Received a gift from Trog
 18691 | Lair:4   | Reached XP level 14. HP: 118/129 MP: 13/13
 19379 | Lair:5   | Reached ****** piety under Trog
 19426 | Lair:5   | Found a staircase to the Slime Pits.
 19437 | Lair:5   | Received a gift from Trog
 19854 | Lair:5   | Found a viscous altar of Jiyva.
 20249 | Lair:6   | Entered Level 6 of the Lair of Beasts
 20313 | Lair:6   | Identified a scroll of acquirement
 20558 | Lair:5   | Reached XP level 15. HP: 137/137 MP: 14/14
 20795 | Lair:6   | Found a runed translucent door.
 20831 | Lair:6   | Reached skill level 10 in Slings
 20888 | Lair:6   | Paralysed by a hornet for 2 turns
 21009 | Lair:6   | Paralysed by a hornet for 1 turns
 21519 | Lair:6   | Received a gift from Trog
 21742 | Lair:6   | Reached skill level 15 in Shields
 21803 | Lair:6   | Received a gift from Trog
 22654 | Orc:1    | Entered Level 1 of the Orcish Mines
 22820 | Orc:2    | Entered Level 2 of the Orcish Mines
 23098 | Orc:2    | Found a staircase to the Elven Halls.
 23137 | Orc:2    | Received a gift from Trog
 23194 | Orc:2    | Noticed an orc warlord
 23334 | Orc:2    | Received a gift from Trog
 23356 | Orc:2    | Killed an orc warlord
 23401 | Orc:2    | Found a roughly hewn altar of Beogh.
 23449 | Orc:2    | Found Wahullu's Antique Armour Shop.
 23453 | Orc:2    | Found Ycsiwk's Jewellery Shop.
 23457 | Orc:2    | Found Vunic's General Store.
 23514 | Orc:2    | Bought the ring of Anarchy {+Blink rC+} for 585 gold pieces
 23514 | Orc:2    | Bought the ring of Midnight {rPois Dex+3 SInv} for 487 gold
                  | pieces
 23537 | Orc:2    | Bought a scroll of brand weapon for 280 gold pieces
 23574 | Orc:2    | Found Donur's Antique Weapon Shop.
 23899 | Swamp:1  | Entered Level 1 of the Swamp
 23909 | Swamp:1  | Reached XP level 16. HP: 140/147 MP: 15/15
 23978 | Swamp:1  | Reached skill level 15 in Maces & Flails
 23984 | Swamp:1  | Reached skill level 15 in Fighting
 24564 | Swamp:2  | Reached skill level 15 in Armour
 24615 | Swamp:2  | Got a pair of scorched boots
 24625 | Swamp:2  | Identified the +1 pair of boots of Distant Worlds {rElec
                  | rPois rC- rN+} (You acquired it on level 2 of the Swamp)
 24842 | Swamp:2  | Received a gift from Trog
 25665 | Swamp:3  | Received a gift from Trog
 25731 | Swamp:3  | Found a runed translucent door.
 25752 | Swamp:3  | Noticed DrIncompetent's ghost (journeyman TrBe)
 25774 | Swamp:3  | Killed DrIncompetent's ghost
 25788 | Swamp:3  | Identified the Grimoire of Orientation and Clay
 26461 | Swamp:4  | Entered Level 4 of the Swamp
 26604 | Swamp:4  | Received a gift from Trog
 27275 | Swamp:4  | Noticed Mara
 27292 | Swamp:4  | Noticed BishopWUN's illusion
 27961 | Swamp:4  | Noticed BishopWUN's illusion
 28154 | Swamp:4  | Noticed BishopWUN's illusion
 28574 | Swamp:4  | Got a decaying rune of Zot
 28687 | Spider:1 | Entered Level 1 of the Spider Nest
 28707 | Spider:1 | Received a gift from Trog
 29043 | Spider:1 | Reached XP level 17. HP: 147/159 MP: 13/16
 29056 | Spider:1 | Noticed Agnes
 29064 | Spider:1 | Killed Agnes
 29248 | Spider:1 | Noticed Donald
 29266 | Spider:1 | Killed Donald
 29948 | Spider:2 | HP: 3/160 [wolf spider (7)]
 29949 | Spider:1 | HP: 1/160 [poisoned by a redback]
 29950 | Spider:1 | Slain by a jumping spider

Levels and vault maps discovered:
D:1:      dpeg_arrival_three_same_balls, layout_rooms
D:2:      layout_loops_cross, nicolae_ru_path_of_blood
D:3:      layout_basic, marbit_many_paths, lemuel_zombie_altar_kikubaaqudgha,
          first_ration
D:4:      layout_loops_ring, overflow_temple_1_default, kennysheep_mini,
          minmay_temple_entry_enclosed_plants, ebering_ghost_disaster_area
D:5:      layout_basic, kennysheep_little_box, basic_altar,
          lemuel_altar_in_water, uniq_sigmund, uniq_blork_the_orc
D:6:      layout_basic, grunt_dithmenos_smoke, serial_shops, shop,
          nicolae_shop_overgrown_old_shop, nicolae_shop_trees
D:7:      layout_rooms, overflow_temple_1_default, the_bakery, dk_vineyard_3
D:8:      layout_basic, elyvilon_altar_4, ebering_ghost_funeral_grove,
          okawaru_trees_1
D:9:      layout_basic, lemuel_doored_altar, serial_shops, shop_statue
D:10:     layout_layer_cave, dpeg_lair_monsters, minivault_20
D:11:     layout_loops_ring, erik_orc_2, serial_bayou_crossing
D:12:     layout_long_grid, ebering_ghost_xom, minmay_checkerbox
D:13:     layout_cave_pods, kennysheep_crisscross, grunt_decor_arrowhead
D:14:     layout_loops_cross, david_vaults_3, hangedman_decor_opposing,
          basic_altar
Temple:   minmay_temple_bridge_abc
Lair:1:   layout_hall_layers, ebering_ghost_disaster_area,
          cheibrodos_lair_lostbears
Lair:2:   layout_chaotic_city, skrybe_swamp_entry_bodies, lemuel_fruit_tree,
          lemuel_fruit_fields, infiniplex_staircase_pool_2
Lair:3:   layout_long_grid, spider_nest_entry_web_field,
          nicolae_quartered_pool_medium, tgw_fedhas
Lair:4:   layout_big_grid, kennysheep_abandoned_house, serial_bayou_shore_b,
          grunt_megastairs_5, serial_bayou_shore_b, uniq_urug
Lair:5:   pond_and_an_island_with_a_cottage, layout_cave_pods, slime_altar_1
Lair:6:   hangedman_lair_tendril_chambers, layout_cave_pods, wormcave
Swamp:1:  layout_falls_marsh, hangedman_swamp_cone
Swamp:2:  layout_falls_marsh, evilmike_swamp_ruin_house_6
Swamp:3:  layout_falls_marsh, ebering_ghost_inner_flame,
          evilmike_swamp_ruin_house_4, nicolae_swamp_spriggan_camp
Swamp:4:  swamp_fiery, layout_basic_swamp, uniq_mara
Spider:1: layout_chambers, uniq_donald, uniq_agnes
Spider:2: layout_spider_delve, spiders_nest_hornet_nest
Orc:1:    layout_caves, portal_ice_cave_entry_imps
Orc:2:    grunt_orc_cross, layout_diamond_mine

Skill      XL: |  1  2  3  4  5  6  7  8  9 10 11 12 13 14 15 16 17 |
---------------+----------------------------------------------------+-----
Maces & Flails | 4 5 6 8 9 10 11 12 13 14 16 | 16.0
Fighting       | 4 5 6 7 9 10 11 12 13 14 16 | 16.6
Armour         | 3 4 5 6 7 8 9 11 12 13 14 16 | 16.4
Dodging        | 3 4 5 6 7 |  7.0
Shields        | 5 8 10 11 12 14 15 | 15.0
Slings         | 1 5 7 9 11 12 13 | 13.1

Action                   |  1- 3 |  4- 6 |  7- 9 | 10-12 | 13-15 | 16-18 || total
-------------------------+-------+-------+-------+-------+-------+-------++-------
Melee: Mace              |    69 |   136 |   168 |       |       |       ||   373
       Headbutt          |    10 |    16 |    49 |   223 |   359 |   162 ||   819
       Flail             |       |       |   112 |   852 |  1128 |       ||  2092
       Eveningstar       |       |       |       |       |   190 |   609 ||   799
 Fire: Fustibalus        |       |       |       |    49 |    46 |   102 ||   197
Invok: Berserk           |       |     1 |     4 |    11 |     7 |     4 ||    27
       Trog's Hand       |       |     1 |       |     3 |     1 |     3 ||     8
       Brothers in Arms  |       |       |       |     2 |     1 |     1 ||     4
 Abil: Evoke Blink       |       |       |       |       |       |     1 ||     1
Evoke: Wand              |       |       |       |       |     2 |       ||     2
  Use: Scroll            |       |       |     9 |     2 |    29 |    13 ||    53
       Potion            |       |       |     1 |       |     1 |     4 ||     6
 Stab: Petrified         |       |       |       |     5 |       |       ||     5
       Distracted        |       |       |       |       |     1 |       ||     1
  Eat: Chunk             |       |     6 |    11 |    32 |    32 |    12 ||    93
       Ration            |       |       |     1 |     4 |     2 |     4 ||    11
Armor: Animal skin       |     9 |       |       |       |       |       ||     9
       Scale mail        |    14 |    84 |    58 |       |       |       ||   156
       Plate armour      |       |       |    99 |   457 |   409 |   389 ||  1354
Dodge: Dodged            |    88 |   121 |   146 |   246 |   303 |   265 ||  1169
Block: Shield            |       |       |    42 |   488 |   734 |   458 ||  1722
